 Dungeon Crawl Stone Soup version 0.22-a0-368-g870eee8 (webtiles) character file.

21969 Gorfmaster the Severer (level 12, -1/124 HPs)
             Began as a Minotaur Fighter on Apr 24, 2018.
             Was a High Priest of the Shining One.
             Slain by a ghost moth (shapeshifter) (2 damage)
             ... on level 12 of the Dungeon.
             The game lasted 00:37:32 (11850 turns).

Gorfmaster the Severer (Minotaur Fighter)          Turns: 11850, Time: 00:37:33

Health: -1/124     AC: 19    Str: 29      XL:     12   Next: 58%
Magic:  0/11       EV:  2    Int:  5      God:    the Shining One [*****.]
Gold:   825        SH:  0    Dex: 14 (15) Spells: 11/11 levels left

rFire    . . .     SeeInvis +   v - +0 battleaxe
rCold    + . .     Gourm    .   (shield currently unavailable)
rNeg     + + +     Faith    .   r - +1 plate armour
rPois    ∞         Spirit   .   (helmet unavailable)
rElec    +         Reflect  .   (no cloak)
rCorr    .         Harm     .   z - +2 pair of gloves
MR       .....     Clarity  +   (no boots)
Stlth    ..........             E - amulet of the acrobat
HPRegen  0.30/turn              w - ring "Seah" {*Contam rElec rPois rF+ SInv}
MPRegen  0.12/turn              B - ring of ice

@: mighty, agile, divine shield, petrified, glowing
A: retaliatory headbutt, horns 3, clarity, robust 1, weak 1
a: Divine Shield, Cleansing Flame, Summon Divine Warrior, Renounce Religion


You were on level 12 of the Dungeon.
You worshipped the Shining One.
The Shining One was extremely pleased with you.
You were not hungry.

You visited 2 branches of the dungeon, and saw 13 of its levels.

You collected 825 gold pieces.

Inventory:

Hand Weapons
 a - a +1 war axe
 v - a +0 battleaxe (weapon)
 G - a +0 dire flail
Armour
 c - a +0 shield
 r - a +1 plate armour (worn)
 z - a +2 pair of gloves (worn)
Jewellery
 s - an uncursed amulet of guardian spirit
 w - the ring "Seah" (left hand) {*Contam rElec rPois rF+ SInv}
   (You found it on level 6 of the Dungeon)

   [ring of poison resistance]

   It protects you from fire.
   It insulates you from electricity.
   It protects you from poison.
   It lets you see invisible.
   It causes magical contamination when unequipped.
 B - a ring of ice (right hand)
 E - an amulet of the acrobat (around neck)
 F - an uncursed ring of poison resistance
Wands
 j - a wand of paralysis (20)
 u - a wand of iceblast (3)
 x - a wand of flame (34)
 A - a wand of scattershot (5)
Scrolls
 b - a scroll of magic mapping
 e - 5 scrolls of teleportation
 i - 4 scrolls of amnesia
 q - a scroll of fear
 t - 7 scrolls of remove curse
 y - a scroll of enchant weapon
 H - a scroll of noise {unknown}
Potions
 d - 4 potions of might
 g - 5 potions of flight
 l - a potion of experience
 m - 6 potions of curing
 n - 5 potions of brilliance
 o - a potion of invisibility
 p - a potion of ambrosia
 C - 2 potions of resistance
Comestibles
 f - 24 rations
 k - 6 chunks of flesh


   Skills:
 + Level 12.5 Fighting
 * Level 15.2 Axes
 + Level 11.9 Armour
 + Level 9.6 Dodging
 - Level 4.0 Shields


You had 11 spell levels left.
You didn't know any spells.

Dungeon Overview and Level Annotations

Branches:
Dungeon (12/15)            Temple (1/1) D:4            Lair (0/6) D:9
    Orc (0/2) D:9

Altars:
Ashenzari
Cheibriados
Dithmenos
Elyvilon
Fedhas
Gozag
Hepliaklqana
Kikubaaqudgha
Makhleb
Nemelex Xobeh
Okawaru
Qazlal
Ru
Sif Muna
Trog
Uskayaw
Vehumet
Wu Jian
Xom
Yredelemnul
Zin
The Shining One

Shops:
D:9 [


Innate Abilities, Weirdness & Mutations

You reflexively headbutt those who attack you in melee.
You have a pair of large horns on your head.
You possess an exceptional clarity of mind.
You are robust. (+10% HP)
You are weak. (Str -2)


Message History

The ghost moth hits you!
* * * LOW HITPOINT WARNING * * *
The ghost moth hits you but does no damage.
The ghost moth barely misses you. The ghost moth completely misses you.
The ghost moth hits you but does no damage.
The ghost moth stings you but does no damage.
The ghost moth stares at you.
You feel your power leaking away. The ghost moth hits you.
* * * LOW HITPOINT WARNING * * *
You feel clumsy. The ghost moth hits you.
* * * LOW HITPOINT WARNING * * *
The ghost moth stings you.
* * * LOW HITPOINT WARNING * * *
The basilisk barely misses you. The ghost moth stares at you.
The ghost moth hits you.
You die...

#....†...#.......#..#
#........'.......#..#
#.....(..#.....###..#
#........#.....#....#
#.....C>.#.....#....#
#....O...#.....#....#
#....o...#.....#....#
####Wyl..#)#####....#
#.@....))........##
#####.......#####....##
#...........# #....##
#...........# #....##
#<..........# #....##
#...........# #....##
#...........# #....##
#...........# #......
#######.....# #......


You could see a ghost moth shaped shifter (invisible), an orc knight, a
two-headed ogre, a cyclops, a basilisk and a shadow (invisible).

Vanquished Creatures
  A sphinx (D:12)
  2 two-headed ogres
  Pikel (D:7)
  6 ugly things
  Maurice (D:12)
  A gargoyle (D:12)
  6 trolls
  3 hippogriffs
  4 slime creatures (D:12)
  2 water elementals (D:12)
  A spriggan (D:7)
  17 yaks
  Grum (D:8)
  A hungry ghost (D:10)
  4 vampire mosquitoes (D:12)
  16 water moccasins
  A soldier ant (D:12)
  6 porcupines (D:9)
  A swamp drake (D:12)
  A slave (D:7)
  A hornet zombie (D:10)
  An ice beast (D:5)
  4 sky beasts
  A phantom (D:8)
  7 black bears
  6 orc warriors
  The ghost of garrulousMonolith the Chopper, an amateur MiBe of Trog (D:3)
  An eye of draining (D:12)
  4 ogres
  3 wolves (D:8)
  10 centaurs
  A crocodile (D:11)
  A big kobold (shapeshifter) (D:12)
  2 bullfrogs
  2 big kobolds
  7 scorpions
  17 killer bees
  5 howler monkeys
  2 electric eels (D:8)
  5 wights (D:12)
  4 crimson imps
  3 bullfrog zombies
  2 quasits (D:12)
  3 centaur zombies
  3 jellies
  4 orc priests
  4 bullfrog skeletons
  5 hounds
  7 orc wizards
  Jessica (D:2)
  12 worker ants
  2 iguanas
  A bullfrog simulacrum (D:12)
  A hound zombie (D:11)
  A hound skeleton (D:6)
  3 worker ant zombies
  4 gnolls (D:5)
  29 adders
  3 shadow imps
  2 oozes
  2 adder skeletons
  An adder zombie (D:7)
  3 worms
  3 dart slugs
  5 leopard geckos
  43 orcs
  A ball python (D:3)
  2 giant cockroaches
  7 goblins
  9 hobgoblins
  20 jackals
  5 quokkas
  6 bats
  4 frilled lizards
  12 kobolds
  A leopard gecko skeleton (D:5)
  2 quokka zombies
  4 rats
  A bush (D:9)
382 creatures vanquished.

Vanquished Creatures (others)
  A killer bee (D:7)
  An adder (D:12)
  An orc (D:12)
  6 fungi (D:9)
  A plant (D:9)
10 creatures vanquished.

Grand Total: 392 creatures vanquished

Notes
Turn   | Place    | Note
-------+----------+-------------------------------------------
     0 | D:1      | Gorfmaster the Minotaur Fighter began the quest for the Orb.
     0 | D:1      | Reached XP level 1. HP: 19/19 MP: 0/0
   185 | D:1      | Reached skill level 3 in Axes
   283 | D:1      | Reached XP level 2. HP: 26/26 MP: 1/1
   594 | D:1      | Reached skill level 4 in Axes
   816 | D:2      | Reached XP level 3. HP: 29/31 MP: 2/2
   883 | D:2      | Found an ornate altar of the Wu Jian Council.
  1088 | D:2      | Found a sparkling altar of Nemelex Xobeh.
  1088 | D:2      | Noticed Jessica
  1091 | D:2      | Killed Jessica
  1091 | D:2      | Reached skill level 5 in Axes
  1091 | D:2      | Reached XP level 4. HP: 37/39 MP: 3/3
  1120 | D:2      | Found a basalt altar of Yredelemnul.
  1449 | D:3      | Found a burning altar of Makhleb.
  1449 | D:3      | Noticed an Executioner
  1508 | D:3      | Reached skill level 6 in Axes
  1700 | D:3      | Reached XP level 5. HP: 45/45 MP: 4/4
  1942 | D:3      | Noticed an orange demon
  1942 | D:3      | Noticed an orange demon
  2114 | D:3      | Noticed garrulousMonolith's ghost (amateur MiBe)
  2127 | D:3      | Killed garrulousMonolith's ghost
  2127 | D:3      | Reached skill level 7 in Axes
  2580 | D:4      | Reached skill level 8 in Axes
  2580 | D:4      | Reached XP level 6. HP: 10/51 MP: 5/5
  3069 | D:4      | Found a shimmering altar of Xom.
  3271 | D:4      | Found a staircase to the Ecumenical Temple.
  3279 | D:4      | Reached skill level 9 in Axes
  3295 | Temple   | Entered the Ecumenical Temple
  3443 | D:4      | Reached XP level 7. HP: 51/57 MP: 6/6
  3837 | D:5      | Entered Level 5 of the Dungeon
  3848 | D:5      | Reached skill level 10 in Axes
  3881 | D:5      | Found a sacrificial altar of Ru.
  3980 | D:5      | Found an iron altar of Okawaru.
  4127 | D:5      | Reached skill level 1 in Dodging
  4493 | D:5      | Found a glowing golden altar of the Shining One.
  4493 | D:5      | Found a white marble altar of Elyvilon.
  4494 | D:5      | Found a glowing silver altar of Zin.
  4501 | D:5      | Became a worshipper of the Shining One
  4793 | D:6      | Found an iron altar of Okawaru.
  4818 | D:6      | Got a transparent lapis lazuli ring
  4820 | D:6      | Identified the ring "Seah" {*Contam rElec rPois rF+ SInv} (You found it on level 6 of the Dungeon)
  4867 | D:6      | Found a hide-covered altar of Uskayaw.
  4867 | D:6      | Found a shadowy altar of Dithmenos.
  4868 | D:6      | Found an opulent altar of Gozag.
  4938 | D:6      | Reached XP level 8. HP: 61/66 MP: 7/7
  5110 | D:6      | Reached skill level 5 in Armour
  5506 | D:7      | Noticed Pikel
  5512 | D:7      | Killed Pikel
  5512 | D:7      | Reached skill level 5 in Fighting
  5546 | D:7      | Reached * piety under the Shining One
  5556 | D:7      | Reached XP level 9. HP: 34/75 MP: 2/8
  6113 | D:7      | Reached skill level 11 in Axes
  6652 | D:8      | Noticed Grum
  6670 | D:8      | Killed Grum
  6670 | D:8      | Reached skill level 5 in Dodging
  7061 | D:8      | Found a deep blue altar of Sif Muna.
  7454 | D:9      | Reached XP level 10. HP: 87/90 MP: 9/9
  7771 | D:9      | Found a bloodstained altar of Trog.
  7796 | D:9      | Reached ** piety under the Shining One
  7942 | D:9      | Reached skill level 12 in Axes
  7990 | D:9      | Gained mutation: You are robust. (+10% HP) [potion of mutation]
  7990 | D:9      | Gained mutation: You possess an exceptional clarity of mind. [potion of mutation]
  7990 | D:9      | Gained mutation: You are weak. (Str -2) [potion of mutation]
  7990 | D:9      | Gained mutation: You have a pair of large horns on your head. [potion of mutation]
  8023 | D:9      | Found a staircase to the Lair.
  8044 | D:9      | Found a staircase to the Orcish Mines.
  8256 | D:9      | Found Ruhath's Armour Shop.
  8264 | D:9      | Reached skill level 10 in Fighting
  8440 | D:10     | Entered Level 10 of the Dungeon
  8496 | D:10     | Reached *** piety under the Shining One
  9025 | D:10     | Reached skill level 10 in Armour
  9025 | D:10     | Reached XP level 11. HP: 101/111 MP: 10/10
  9496 | D:11     | Noticed a two-headed ogre
  9504 | D:10     | Killed a two-headed ogre
  9721 | D:11     | Got a slimy trident
  9722 | D:11     | Identified the cursed +1 trident "Killer Klown's Death" {pain, +Inv MR+ SInv Stlth-} (You found it on level 11 of the Dungeon)
  9760 | D:11     | Reached skill level 13 in Axes
  9779 | D:11     | Noticed a two-headed ogre
  9791 | D:11     | Killed a two-headed ogre
 10312 | D:11     | Noticed a cyan ugly thing
 10321 | D:11     | Killed a cyan ugly thing
 10616 | D:11     | Reached **** piety under the Shining One
 10912 | D:12     | Noticed a brown ugly thing
 10918 | D:12     | Killed a brown ugly thing
 11033 | D:12     | Reached skill level 14 in Axes
 11106 | D:12     | Noticed a cyan ugly thing
 11108 | D:12     | Noticed Maurice
 11109 | D:12     | Killed a cyan ugly thing
 11114 | D:12     | Paralysed by Maurice for 4 turns
 11123 | D:12     | Killed Maurice
 11128 | D:12     | Reached XP level 12. HP: 118/123 MP: 11/11
 11171 | D:12     | Found a runed door.
 11171 | D:12     | Reached ***** piety under the Shining One
 11764 | D:12     | Reached skill level 15 in Axes
 11816 | D:12     | Noticed an iron dragon
 11816 | D:12     | Noticed a sphinx
 11816 | D:12     | Noticed a two-headed ogre
 11817 | D:12     | Noticed a stone giant
 11817 | D:12     | an iron dragon changed into a stone giant
 11818 | D:12     | Noticed an emperor scorpion
 11818 | D:12     | a stone giant changed into an emperor scorpion
 11822 | D:12     | Killed a sphinx
 11839 | D:12     | Noticed a ghost moth
 11839 | D:12     | an emperor scorpion changed into a ghost moth
 11848 | D:12     | HP: 5/124 [ghost moth (shapeshifter) (4)]
 11849 | D:12     | HP: 1/124 [ghost moth (shapeshifter) (3)]
 11850 | D:12     | Slain by a ghost moth (shapeshifter)

Vault maps used:
D:1:      elethiomel_arrival_maze
D:2:      old_standard_altar, nicolae_overflow_hidden_temple,
          nemelex_lonely_heart_becter
D:3:      makhleb_altar_promises_db, first_ration
D:4:      lemuel_coloured_pillars_altar, minmay_temple_entry_crystal_x
D:5:      good_gods_temple_1, nicolae_ru_awakened_eye, okawaru_ov_weapons_minmay
D:6:      gammafunk_temple_overflow_claw, basic_altar
D:7:      the_bakery, item_on_display_a, uniq_pikel
D:8:      statuecave_lemuel, kennysheep_little_box, uniq_grum
D:9:      trog_ov_bears_minmay, due_lair_maze_entry_diamond, orc_0_dummy,
          serial_shops, nicolae_shop_crystal, kennysheep_minor_cross
D:12:     lemuel_reptile_caves, minmay_st_funbox, spider_trap, uniq_maurice
Temple:   kb_temple_of_zot

Skill      XL: |  1  2  3  4  5  6  7  8  9 10 11 12 |
---------------+-------------------------------------+-----
Axes           | 3 4 5 6 8 9 10 11 12 14 15 | 15.2
Armour         | 4 7 8 10 11 | 11.9
Dodging        | 1 3 5 7 8 9 |  9.6
Fighting       | 4 5 8 10 11 12 | 12.5
Shields        | 4 |  4.0

Action                   |  1- 3 |  4- 6 |  7- 9 | 10-12 || total
-------------------------+-------+-------+-------+-------++-------
Melee: War axe           |    60 |   182 |    50 |       ||   292
       Headbutt          |    16 |    33 |    28 |    88 ||   165
       Battleaxe         |       |       |   157 |   444 ||   601
Invok: Divine Shield     |       |       |       |     1 ||     1
  Use: Scroll            |     2 |     6 |     7 |     8 ||    23
       Potion            |       |     1 |       |     4 ||     5
  Eat: Chunk             |     1 |     7 |    12 |    17 ||    37
Armor: Scale mail        |    30 |    53 |    48 |       ||   131
       Plate armour      |       |       |    57 |   362 ||   419
Dodge: Dodged            |    16 |    53 |   115 |   298 ||   482
Block: Shield            |    35 |    83 |    19 |       ||   137
       Other             |       |       |       |     4 ||     4

Table legend:
 A = Spawn XP
 B = Non-spawn XP
 C = Spawn XP percentage of total XP
 D = Spawn monster count
 E = Non-spawn monster count
 F = Spawn count percentage of total count
 G = Total turns spent on level
                    A         B        C        D         E        F      G
               +---------+---------+-------+---------+---------+-------+---------
         Total |       0 |   31385 |   0.0 |       0 |     381 |   0.0 | 11850
               +---------+---------+-------+---------+---------+-------+---------
           D:1 |       0 |      32 |   0.0 |       0 |      15 |   0.0 |   782
           D:2 |       0 |      81 |   0.0 |       0 |      16 |   0.0 |   500
           D:3 |       0 |     257 |   0.0 |       0 |      33 |   0.0 |  1281
           D:4 |       0 |     589 |   0.0 |       0 |      35 |   0.0 |  1186
           D:5 |       0 |     361 |   0.0 |       0 |      15 |   0.0 |   918
           D:6 |       0 |     376 |   0.0 |       0 |      17 |   0.0 |   970
           D:7 |       0 |    1731 |   0.0 |       0 |      25 |   0.0 |   676
           D:8 |       0 |    1753 |   0.0 |       0 |      27 |   0.0 |  1019
           D:9 |       0 |    3660 |   0.0 |       0 |      39 |   0.0 |  1031
          D:10 |       0 |    3876 |   0.0 |       0 |      33 |   0.0 |  1172
          D:11 |       0 |    4388 |   0.0 |       0 |      26 |   0.0 |  1049
          D:12 |       0 |   14281 |   0.0 |       0 |     100 |   0.0 |  1160
               +---------+---------+-------+---------+---------+-------+---------
